 Dungeon Crawl Stone Soup version 0.28-a0-862-g58c29a6370 (webtiles) character file.

Game seed: 11828963559018983163

428 Peloso the Slasher (level 6, -1/53 HPs)
             Began as a Minotaur Fighter on Nov 16, 2021.
             Slain by a killer bee (5 damage)
             ... on level 4 of the Dungeon.
             The game lasted 00:07:13 (3209 turns).

Peloso the Slasher (Minotaur Fighter)               Turns: 3209, Time: 00:07:15

Health: -1/53      AC: 15    Str: 21    XL:     6   Next: 65%
Magic:  5/5        EV:  6    Int:  5    God:
Gold:   816        SH:  5    Dex: 11    Spells: 5/5 levels left

rFire   . . .      SeeInvis .   a - +0 long sword
rCold   . . .      Faith    .   c - +0 buckler
rNeg    . . .      Spirit   .   f - +0 plate armour
rPois   .          Reflect  .   (helmet restricted)
rElec   .          Harm     .   g - +0 cloak
rCorr   .          Rampage  .   r - +1 pair of gloves
Will    .....                   (no boots)
Stlth   ..........              j - amulet of the acrobat
HPRegen 0.17/turn               (no ring)
MPRegen 0.09/turn               (no ring)

@: lethally poisoned (-1 -> -7)
A: horns 2, retaliatory headbutt
a: no special abilities


You were on level 4 of the Dungeon.
You visited 1 branch of the dungeon, and saw 5 of its levels.

You collected 816 gold pieces.

Inventory:

Hand Weapons
 a - a +0 long sword (weapon)
 b - a +1 mace of protection
Armour
 c - a +0 buckler (worn)
 f - a +0 plate armour (worn)
 g - a +0 cloak (worn)
 r - a +1 pair of gloves (worn)
Jewellery
 j - an amulet of the acrobat (around neck)
Scrolls
 e - 2 scrolls of fear
 m - a scroll of blinking {unknown}
 n - 2 scrolls of teleportation
 p - a scroll of magic mapping
 t - 2 scrolls of identify {unknown}
Potions
 d - a potion of might
 h - a potion of magic {unknown}
 i - 2 potions of lignification {unknown}
 k - 2 potions of haste {unknown}
 l - a potion of ambrosia {unknown}
 o - a potion of invisibility {unknown}
 q - a potion of resistance {unknown}
 s - a potion of heal wounds {unknown}
 u - a potion of flight {unknown}


   Skills:
 + Level 4.7 Fighting
 + Level 6.5 Long Blades
 + Level 4.7 Armour
 + Level 1.1 Dodging
 + Level 4.8 Shields


You had 5 spell levels left.
You didn't know any spells.
Your spell library contained the following spells:

 Spells                   Type           Power      Damage    Failure   Level
 Foxfire                  Conj/Fire      0%         2x1d4     100%        1
 Conjure Flame            Conj/Fire      0%         6-21      100%        3
 Inner Flame              Hex/Fire       0%         N/A       100%        3
 Flame Wave               Conj/Fire      0%         3d3       100%        4


Dungeon Overview and Level Annotations

Branches:
Dungeon (5/15)
 Temple: D:4-7

Altars:
Trog


Innate Abilities, Weirdness & Mutations

You have a pair of horns on your head.
You reflexively headbutt those who attack you in melee.


Message History

You kill the killer bee!
You block the killer bee's attack.
You hit the killer bee.
The killer bee is moderately wounded.
The killer bee stings you but does no damage.
The killer bee stings you.
The killer bee stings you but does no damage.
You miss the killer bee.
The killer bee is moderately wounded.
The killer bee barely misses you.
The killer bee stings you but does no damage.
You hit the killer bee.
The killer bee is severely wounded.
The killer bee stings you.
You are poisoned.
The killer bee poisons you!
The killer bee stings you but does no damage.
You miss the killer bee. Your headbutt misses the killer bee.
The killer bee is severely wounded.
You feel very sick. You block the killer bee's attack.
The killer bee stings you!
You are more poisoned.
The killer bee poisons you!
You slash the killer bee!
You kill the killer bee!
You feel very sick. The killer bee stings you.
* * * LOW HITPOINT WARNING * * *
You closely miss the killer bee.
* * * LOW HITPOINT WARNING * * *
You feel sick.
The killer bee stings you but does no damage.
The killer bee barely misses you.
You closely miss the killer bee. You headbutt the killer bee.
The killer bee is lightly wounded.
* * * LOW HITPOINT WARNING * * *
You feel sick. The killer bee stings you.
* * * LOW HITPOINT WARNING * * *
The killer bee stings you.
You die...

#..#####....# #......#....#
#.>....#....# #......######
#......##########
#......#........#
#......#........#
##y#####........#
#@#####........##
#...............#
#############.........#
#.....................#
#####.########..........#.#
#.....# #..........#.#
#.##### #..........#.#
#.#<..# #..........#.#
#.###.# #....(.....#.#


You could see a killer bee.

Vanquished Creatures
  A phantom (D:4)
  2 killer bees (D:4)
  A howler monkey (D:4)
  A hound (D:4)
  A jelly (D:4)
  An iguana (D:4)
  A hound skeleton (D:4)
  2 adders
  A worm (D:4)
  2 dart slugs (D:3)
  2 orcs (D:3)
  6 ball pythons
  5 bats (D:1)
  6 endoplasms
  2 giant cockroaches
  15 goblins
  9 hobgoblins
  16 jackals
  10 kobolds
  4 quokkas
  3 frilled lizards
  8 rats
99 creatures vanquished.

Notes
Turn   | Place    | Note
-------+----------+-------------------------------------------
     0 | D:1      | Peloso the Minotaur Fighter began the quest for the Orb.
     0 | D:1      | Reached XP level 1. HP: 19/19 MP: 0/0
   171 | D:1      | Reached XP level 2. HP: 18/27 MP: 1/1
   540 | D:1      | Found a faded altar of an unknown god.
   681 | D:1      | Reached XP level 3. HP: 32/33 MP: 2/2
   715 | D:1      | Identified a scroll of acquirement
   715 | D:1      | Acquired 664 gold pieces
  1306 | D:2      | Found a bloodstained altar of Trog.
  1322 | D:2      | Reached skill level 3 in Long Blades
  1943 | D:2      | Reached XP level 4. HP: 40/40 MP: 3/3
  2441 | D:3      | Reached skill level 4 in Long Blades
  2624 | D:4      | Reached XP level 5. HP: 44/46 MP: 4/4
  2697 | D:4      | Noticed a phantom
  2707 | D:4      | Killed a phantom
  2708 | D:4      | Reached skill level 5 in Long Blades
  2708 | D:4      | Reached skill level 1 in Dodging
  2752 | D:4      | Reached XP level 6. HP: 42/53 MP: 5/5
  2879 | D:4      | Reached skill level 6 in Long Blades
  3178 | D:5      | Entered Level 5 of the Dungeon
  3209 | D:4      | Slain by a killer bee

Illustrated notes

Levels and vault maps discovered:
D:1:      kilobyte_arrival_exit_the_forest, layout_loops_corners,
          basic_ecumenical_altar
D:2:      layout_loops_cross, basic_altar, grunt_ministairs_15,
          minmay_misc_feat_roman, minmay_heptomino_h4
D:3:      layout_rooms, uniq_robin
D:4:      layout_basic
D:5:      layout_rooms, uniq_duvessa

Skill      XL: |  1  2  3  4  5  6 |
---------------+-------------------+-----
Shields        | 4 |  4.8
Armour         | 4 |  4.7
Fighting       | 4 |  4.7
Long Blades    | 3 4 5 6 |  6.5
Dodging        | 1 |  1.1

Action                   |  1- 3 |  4- 6 || total
-------------------------+-------+-------++-------
Melee: Long sword        |   132 |   126 ||   258
       Headbutt          |    15 |    17 ||    32
  Use: Scroll            |     4 |     1 ||     5
Armor: Scale mail        |    40 |       ||    40
       Chain mail        |    14 |     8 ||    22
       Plate armour      |       |    54 ||    54
Dodge: Dodged            |    72 |    52 ||   124
Block: Buckler           |    31 |    31 ||    62

Table legend: (Time is in decaauts)
 A = Elapsed time spent in this place.
 B = Non-inter-level travel time spent in this place.
 C = Inter-level travel time spent in this place.
 D = Time resting spent in this place.
 E = Time spent auto-exploring this place.
 F = Levels seen in this place.
 G = Mean time per level.
                   A        B        C        D        E       F      G
               +--------+--------+--------+--------+--------+-----+--------+
         Total |   3276 |   3112 |    164 |      0 |   2265 |   5 |  655.2 |
       Dungeon |   3276 |   3112 |    164 |      0 |   2265 |   5 |  655.2 |
               +--------+--------+--------+--------+--------+-----+--------+

Top non-repeatable levels by time:
     D:1: 1342 daAuts
     D:2: 763 daAuts
     D:4: 610 daAuts
     D:3: 552 daAuts
     D:5: 8 daAuts
